Map: Ulrena

Players

Saku - Winner!

  • Race: Zerg Zerg
  • League: Master

Ichthyostega

  • Race: Terran Terran
  • League: Diamond

VOD

Have the link to the VOD?

Description

Time

  • Played on: Dec. 25, 2015, 12:13 p.m.
  • Length: 28:07
Show
View Real Time Build Order
Export as new Build Order

Saku Zerg - Winner!

Build Orders: Hatch First 

Get SALT Encoding   

  12  0:16  Drone  
  12  0:17  Overlord  
  14  0:21  Drone  
  14  0:36  Drone  
  14  0:37  Drone  
  16  0:48  Drone  
  17  0:56  Hatchery  
  16  0:59  Drone  
  16  1:01  Extractor  
  16  1:10  Drone  
  17  1:19  Spawning Pool  
  16  1:26  Drone  
  17  1:35  Drone  
  18  1:44  Drone  
  19  2:06  Queen  
  19  2:07  Metabolic Boost  
  19  2:08  Zergling x4  
  22  2:10  Queen  
  22  2:11  Zergling x2  
  26  2:20  Overlord  
  26  2:24  Overlord  
  26  2:41  Queen  
  28  2:45  Drone, Queen  
  31  2:58  Drone x4  
  35  3:00  Drone  
  36  3:27  Drone  
  36  3:28  Drone x7  
  36  3:31  Overlord  
  36  3:32  Extractor  
  43  3:53  Drone  
  44  4:01  Drone x8  
  52  4:03  Roach Warren  
  52  4:07  Overlord  
  52  4:08  Overlord x2  
  50  4:35  Overlord x2  
  50  4:39  Extractor  
  50  4:40  Lair  
  48  4:49  Roach  
  48  4:50  Roach x5  
  56  5:11  Ravager x3  
  56  5:12  Spore Crawler  
  58  5:15  Drone  
  58  5:16  Drone x6  
  61  5:33  Roach x2  
  61  5:34  Roach  
  67  5:52  Glial Reconstitution  
  67  5:54  Hatchery  
  67  5:56  Drone x4  
  67  5:57  Drone x2  
  72  6:05  Ravager  
  73  6:20  Extractor  
  73  6:21  Roach x3  
  73  6:24  Evolution Chamber x2  
  76  6:30  Roach  
  76  6:31  Roach x5  
  88  6:35  Drone x2  
  90  6:54  Roach  
  90  6:57  Overlord x3  
  92  7:03  Overseer  
  91  7:10  Zerg Missile Weapons Level 1, Zerg Ground Armor Level 1  
  91  7:14  Drone  
  91  7:15  Drone x7  
  99  7:27  Drone  
  99  7:28  Drone x2  
  102  7:35  Ravager x3  
  102  7:36  Ravager x2  
  107  7:37  Ravager  
  107  7:40  Drone x5  
  107  7:42  Hatchery, Drone  
  107  7:43  Drone  
  114  7:48  Spore Crawler  
  114  7:50  Spine Crawler  
  112  7:59  Extractor  
  112  8:00  Extractor  
  112  8:02  Ravager x3  
  112  8:03  Roach  
  112  8:04  Roach x2  
  119  8:06  Overlord  
  119  8:07  Overlord  
  119  8:09  Overlord  
  119  8:14  Roach  
  121  8:38  Drone x14  
  121  8:39  Drone  
  136  8:45  Overlord  
  136  8:47  Overlord  
  136  8:56  Queen  
  136  8:59  Roach x4  
  146  9:07  Roach  
  146  9:08  Roach x2  
  152  9:11  Spore Crawler  
  152  9:12  Spine Crawler  
  152  9:16  Spore Crawler  
  152  9:17  Spine Crawler  
  148  9:21  Drone  
  148  9:22  Drone x4, Spine Crawler  
  148  9:23  Spore Crawler, Roach x7  
  165  9:42  Roach  
  165  9:43  Overlord x3  
  165  9:45  Overlord  
  167  9:48  Extractor  
  167  9:49  Extractor  
  165  9:53  Zerg Ground Armor Level 2, Zerg Missile Weapons Level 2  
  165  9:55  Infestation Pit  
  164  10:00  Roach  
  164  10:01  Roach x2  
  164  10:03  Roach x8  
  178  10:24  Roach x11  
  200  10:29  Overseer x2  
  200  10:35  Hive  
  200  10:45  Overlord x2  
  200  11:00  Overlord  
  200  11:06  Evolution Chamber, Ravager x2  
  200  11:07  Ravager  
  200  11:10  Hatchery, Pneumatized Carapace  
  199  11:42  Spore Crawler  
  198  11:47  Spine Crawler  
  198  11:49  Adrenal Glands  
  198  11:50  Spine Crawler  
  196  11:55  Zerg Melee Weapons Level 1  
  196  11:58  Ultralisk Cavern  
  182  12:29  Spore Crawler  
  181  12:32  Spine Crawler  
  181  12:33  Drone, Spine Crawler  
  181  12:34  Drone x6, Spine Crawler x2  
  181  12:35  Drone  
  185  12:57  Hatchery  
  182  13:01  Hatchery  
  177  13:10  Ultralisk  
  177  13:11  Ultralisk x3  
  191  13:24  Roach  
  190  13:41  Roach x3  
  184  13:42  Ultralisk x2  
  184  13:47  Ravager  
  193  13:50  Roach x2  
  193  13:51  Roach  
  193  13:53  Chitinous Plating  
  199  13:56  Zerg Ground Armor Level 3, Zerg Missile Weapons Level 3, Zerg Melee Weapons Level 2  
  199  14:02  Ravager  
  200  14:11  Overlord  
  145  14:34  Ultralisk x6  
  129  14:44  Roach  
  129  14:45  Roach x6  
  128  14:57  Drone x4  
  128  14:58  Drone x5  
  137  15:06  Roach x3  
  145  15:07  Roach  
  145  15:15  Viper x2  
  145  15:17  Viper  
  154  15:34  Ravager x3  
  157  15:38  Roach x2  
  157  15:39  Roach x6  
  173  15:43  Drone x4, Extractor  
  176  16:04  Overseer  
  176  16:05  Overseer  
  176  16:13  Ultralisk x2  
  176  16:15  Roach x6  
  200  16:19  Extractor  
  200  16:21  Extractor  
  200  16:22  Zerg Melee Weapons Level 3  
  198  16:25  Baneling Nest  
  197  16:35  Ravager x3  
  195  16:51  Spore Crawler, Spine Crawler  
  195  16:52  Spine Crawler  
  195  16:53  Spine Crawler  
  149  17:23  Ultralisk x3  
  149  17:24  Zergling x14  
  149  17:25  Zergling x22  
  135  17:57  Spire  
  133  18:06  Baneling x9  
  113  18:45  Spire  
  112  18:49  Centrifical Hooks  
  112  18:55  Extractor  
  129  19:10  Ultralisk x4  
  129  19:11  Corruptor  
  137  19:25  Zerg Flyer Weapons Level 1  
  135  19:32  Corruptor x2  
  135  19:33  Hatchery  
  99  20:04  Zergling x2  
  99  20:05  Zergling x48  
  124  20:13  Corruptor x2  
  84  20:42  Corruptor  
  84  20:43  Corruptor x2  
  84  20:44  Ultralisk x2  
  84  20:45  Ultralisk  
  106  20:54  Zergling x4  
  106  20:55  Zergling x4  
  111  20:57  Drone x4  
  111  21:00  Drone  
  115  21:31  Hatchery  
  114  21:34  Ultralisk  
  114  21:38  Drone x2  
  114  21:39  Drone  
  123  21:42  Baneling x4  
  123  21:43  Baneling x4  
  123  21:49  Zerg Flyer Weapons Level 2  
  123  21:59  Ultralisk  
  123  22:00  Zergling x2  
  130  22:49  Ultralisk x2  
  142  22:51  Zergling x2  
  142  22:52  Zergling x2  
  142  22:55  Extractor  
  142  22:57  Extractor  
  128  23:15  Zergling x4  
  128  23:16  Zergling x8  
  128  23:18  Swarm Host  
  135  23:33  Corruptor  
  135  23:34  Corruptor x3  
  143  23:48  Corruptor  
  143  23:50  Overlord x2  
  145  23:58  Hatchery  
  144  24:11  Zergling x2  
  144  24:12  Zergling x14  
  144  24:13  Zergling x8  
  148  24:57  Baneling x3  
  148  24:58  Ultralisk x3  
  152  25:18  Infestor x2  
  152  25:19  Zergling x14  
  152  25:20  Zergling x26  
  148  25:34  Zergling x18  
  149  25:39  Infestor  
  151  25:46  Drone x4  
  151  25:47  Drone  
  156  25:57  Zergling x4  
  158  26:04  Baneling x6  
  158  26:05  Hatchery, Baneling  
  158  26:07  Overseer x2  
  105  26:55  Ultralisk x4  
  105  26:56  Zergling x2  
  105  26:57  Zergling x28  
  117  27:22  Baneling x4  
  116  27:23  Baneling x3  
  114  27:30  Drone x6  
  114  27:31  Drone  
  133  27:38  Zergling x6  
  136  27:50  Extractor x2  
Show
View Real Time Build Order
Export as new Build Order

Ichthyostega Terran 

Build Orders: Liberator Opening, Reaper Expand, MMM Bio 

Get SALT Encoding   

  12  0:00  SCV  
  13  0:13  SCV  
  14  0:17  Supply Depot  
  14  0:25  SCV  
  15  0:39  SCV  
  15  0:40  Barracks  
  16  0:45  Refinery  
  16  0:51  SCV  
  17  1:03  SCV  
  18  1:15  SCV  
  19  1:27  Orbital Command  
  19  1:28  Reaper  
  20  1:43  Command Center  
  20  1:54  SCV  
  20  2:00  Marine  
  22  2:06  SCV  
  23  2:09  Factory  
  23  2:13  Supply Depot  
  23  2:18  Refinery  
  23  2:30  Barracks Reactor  
  23  2:35  SCV  
  24  2:47  SCV  
  25  2:55  Starport  
  25  2:56  Orbital Command  
  25  2:59  SCV, Widow Mine  
  28  3:06  Marine  
  28  3:07  Marine  
  28  3:11  SCV  
  31  3:18  Orbital Command  
  31  3:23  SCV  
  31  3:24  Marine  
  31  3:25  Marine  
  34  3:27  Widow Mine  
  34  3:32  Medivac  
  38  3:42  Marine  
  38  3:43  Marine  
  38  3:45  Liberator  
  39  3:50  Bunker  
  39  3:52  SCV x2  
  39  3:53  Supply Depot  
  41  3:58  Factory Tech Lab  
  41  4:00  Marine  
  45  4:04  SCV  
  45  4:07  Supply Depot  
  46  4:11  Supply Depot  
  46  4:17  SCV x2  
  46  4:21  Siege Tank, Marine x2  
  52  4:29  SCV x2  
  54  4:40  Marine x2  
  54  4:41  SCV x2  
  54  4:43  Barracks  
  58  4:53  SCV  
  58  4:57  Marine  
  58  4:58  Marine  
  58  5:02  Siege Tank  
  57  5:12  SCV, Starport Reactor  
  58  5:15  Marine  
  58  5:17  Marine  
  58  5:18  Barracks  
  58  5:19  Barracks  
  60  5:32  SCV  
  60  5:33  SCV  
  60  5:34  Siege Tank  
  60  5:35  Barracks Tech Lab, Marine  
  61  5:44  SCV, Refinery  
  61  5:45  SCV  
  61  5:46  Refinery  
  61  5:47  Supply Depot  
  61  5:48  Supply Depot  
  63  5:51  Medivac  
  63  5:55  Supply Depot  
  63  5:56  SCV  
  66  5:59  Supply Depot  
  66  6:01  Marine x2  
  66  6:02  Marine  
  69  6:05  SCV  
  69  6:08  SCV  
  71  6:15  Medivac  
  71  6:16  Marine x2  
  75  6:19  SCV  
  75  6:21  SCV, Marine x2  
  79  6:29  Stimpack, Engineering Bay, Marine  
  79  6:31  Supply Depot, SCV  
  79  6:32  Engineering Bay  
  81  6:35  Supply Depot  
  81  6:39  Barracks Reactor, Barracks Tech Lab  
  81  6:44  Siege Tank  
  81  6:46  SCV x2  
  86  6:58  Terran Infantry Weapons Level 1, SCV  
  86  6:59  Terran Infantry Armor Level 1  
  87  7:05  Liberator  
  87  7:09  Command Center  
  87  7:10  Combat Shields  
  87  7:11  Marine  
  88  7:20  Marine  
  88  7:21  Marine x2  
  94  7:24  SCV  
  94  7:28  Missile Turret  
  94  7:29  Missile Turret  
  95  7:34  Missile Turret  
  95  7:40  Marine x3  
  98  7:47  Armory  
  98  7:50  Liberator  
  98  7:52  Marine x3  
  101  7:59  Marine  
  101  8:03  Supply Depot  
  102  8:06  Supply Depot  
  98  8:31  Marauder, Marine x4  
  98  8:33  Orbital Command  
  104  8:36  SCV x2, Refinery  
  104  8:37  Refinery  
  106  8:43  Starport  
  106  8:48  SCV x2, Starport  
  108  8:49  Sensor Tower  
  108  8:51  Terran Vehicle Weapons Level 1  
  108  8:57  Medivac x2  
  108  8:58  Marine  
  108  9:00  SCV, Terran Infantry Weapons Level 2  
  114  9:07  Marine x2  
  116  9:13  SCV  
  116  9:14  SCV x2  
  119  9:20  Barracks, Terran Infantry Armor Level 2  
  119  9:23  Barracks  
  116  9:38  Siege Tank, Medivac  
  119  9:39  Medivac  
  119  9:43  Marine x3  
  126  9:46  Starport Reactor  
  126  9:47  Starport Reactor  
  126  9:54  SCV  
  126  9:55  SCV x2  
  126  9:56  Marine x2  
  126  9:57  Concussive Shells  
  131  10:06  SCV  
  131  10:07  SCV x2, Marauder, Marine x3  
  133  10:08  Medivac  
  133  10:09  Medivac  
  142  10:18  SCV  
  142  10:19  SCV x2  
  131  10:26  Marine  
  131  10:27  Viking, Medivac  
  136  10:30  Siege Tank  
  136  10:33  Barracks Reactor  
  139  10:36  Marine  
  139  10:37  Medivac  
  139  10:38  Medivac, Marine x4  
  139  10:39  Barracks Reactor  
  148  10:44  Marine  
  148  10:48  Command Center  
  149  11:06  Supply Depot  
  149  11:12  Supply Depot  
  149  11:13  Supply Depot x3  
  149  11:17  Supply Depot  
  149  11:18  Supply Depot  
  149  11:20  Liberator x2  
  149  11:21  Liberator x2  
  149  11:28  SCV x2, Marine x6  
  157  11:36  Marine x2  
  164  11:51  Liberator  
  164  11:54  Command Center  
  164  12:06  Marauder, Marine x4  
  164  12:07  Marine  
  168  12:09  Liberator x2  
  155  12:25  Marine x2  
  155  12:29  Terran Ship Weapons Level 1  
  163  12:30  Orbital Command  
  161  12:49  Marauder, Marine x3  
  151  13:11  Marauder, Marine x5  
  151  13:12  Marine x3, Marauder  
  156  13:29  Marine x5  
  156  13:33  Marauder x2  
  163  13:34  Marine x2  
  163  13:36  Marine  
  159  13:47  Marine x5  
  151  13:51  Terran Infantry Weapons Level 3  
  151  13:52  Marine  
  151  13:54  Marauder x2  
  156  14:00  Marine  
  156  14:01  Marine  
  158  14:04  Orbital Command  
  158  14:16  Marauder x2  
  137  14:35  Liberator  
  137  14:37  Marauder x2  
  130  14:39  Marine x6  
  130  14:40  Marine x2  
  135  14:50  Terran Infantry Armor Level 3  
  135  14:53  Medivac  
  135  14:57  Marine  
  135  14:58  Marauder x2  
  145  15:10  Liberator  
  145  15:11  Liberator  
  145  15:12  Marine  
  145  15:13  Marine x6  
  152  15:14  Marine  
  152  15:17  Liberator x3  
  152  15:20  Marauder x2  
  163  15:30  Marine x3  
  163  15:31  Marine x2  
  163  15:34  Liberator  
  163  15:35  Marine x2  
  179  15:41  Marauder  
  181  15:51  Marine  
  181  15:52  Marauder, Marine x5  
  181  15:53  Siege Tank  
  195  16:02  Marauder  
  195  16:04  Planetary Fortress, Factory x2  
  197  16:09  Marine  
  197  16:10  Marine x2  
  200  16:46  Liberator x2  
  178  17:21  Marauder x2, Marine x2  
  164  17:29  Marine x5  
  164  17:34  Liberator  
  164  17:36  Marine  
  165  17:38  Marine x2  
  165  17:42  Marauder  
  165  17:43  Marauder  
  165  17:47  Marine x3  
  165  17:49  Marine x2  
  173  17:54  Marine  
  173  17:56  Marine  
  175  18:04  Marauder x2  
  171  18:22  Marine x2  
  171  18:23  Marine x6  
  171  18:25  Liberator, Marauder x2  
  170  18:30  Orbital Command  
  167  18:40  Marine x4  
  171  18:41  Marine x4  
  171  18:44  Cyclone  
  171  18:45  Mag-Field Accelerator  
  171  18:46  Marauder  
  171  18:47  Marauder  
  171  18:48  Factory Tech Lab x2  
  185  18:58  Marine x2  
  185  19:07  Marine x3  
  185  19:08  Marauder x2, Marine x3  
  195  19:13  Refinery  
  195  19:14  Refinery  
  195  19:16  Marine  
  196  19:39  Marine x4  
  196  19:43  Marauder x2, Marine  
  196  19:44  Marine  
  196  19:51  Marine  
  196  19:52  Supply Depot, Marine  
  195  19:53  Supply Depot  
  195  19:55  Supply Depot  
  195  19:57  Marine x2  
  174  20:00  Marine x2  
  174  20:01  Marine  
  174  20:05  Marauder x2  
  156  20:26  Marauder x2  
  156  20:28  Marine x4  
  151  20:29  Marine x2  
  151  20:32  Marine x2  
  127  20:46  Marine x5  
  127  20:47  Marine x3  
  133  20:50  Marine  
  133  20:55  Marine  
  129  21:02  Cyclone x2  
  129  21:03  Cyclone  
  129  21:04  Marine x4, Medivac x2  
  139  21:26  Marine x2  
  139  21:27  Marauder x2  
  139  21:29  Marine  
  132  21:52  Marine  
  132  21:53  Marauder, Marine  
  136  22:00  Orbital Command  
  136  22:05  Marauder, Marine x3  
  136  22:07  Widow Mine  
  136  22:08  Widow Mine  
  143  22:14  Marauder  
  147  22:22  Marine x2  
  149  22:26  Marauder  
  151  22:36  Widow Mine x2  
  153  22:37  Cyclone  
  158  22:55  Marine x4  
  158  22:56  Marauder  
  164  23:02  Liberator  
  164  23:04  Widow Mine  
  164  23:17  Marine x2  
  164  23:18  Liberator x2, Marine  
  170  23:20  Cyclone  
  165  23:30  Marine  
  165  23:31  Medivac  
  168  23:36  Cyclone  
  169  23:46  Marauder x2  
  173  23:52  Cyclone, Ghost Academy  
  169  24:03  Liberator  
  169  24:08  Cyclone  
  157  24:19  Marauder x2  
  157  24:22  Marine x2  
  166  24:34  Command Center  
  166  24:41  Marauder x2  
  166  24:43  Refinery  
  166  24:44  Refinery  
  124  25:31  Marauder x2, Marine x6  
  134  25:36  Cyclone x2  
  140  25:53  Marauder x2  
  140  25:56  Medivac  
  146  25:57  Medivac  
  148  26:06  Supply Depot  
  148  26:07  Supply Depot x2  
  148  26:13  Command Center  
  148  26:14  Marauder  
  132  26:33  Marauder, Marine x5  
  112  26:54  Marine  
  112  26:55  Marauder, Marine x3  
  118  27:06  Orbital Command  
  103  27:44  Marine  
Tags
 
Add a new tag
Caveats
  • Supply blocks, unpowered buildings, or Contaminate may cause inaccurate times.
  • Supply counts are checked every 10 seconds.